 Dungeon Crawl Stone Soup version 0.24.0-28-g17ded55e90 (webtiles) character file.

Game seed: 17975316006972244789, levelgen mode: deterministic

149 Blejac999 the Ruffian (level 5, 0/45 (46) HPs)
             Began as a Ghoul Monk on Nov 13, 2019.
             Killed from afar by Ijyb (21 damage)
             ... with a bolt of acid
             ... on level 3 of the Dungeon.
             The game lasted 00:04:25 (2362 turns).

Blejac999 the Ruffian (Ghoul Monk)                  Turns: 2362, Time: 00:04:26

HP:   0/45 (46)     AC: -1    Str: 20    XL:     5   Next: 31%
MP:   4/4           EV: 13    Int:  5    God:
Gold: 165           SH:  0    Dex: 12    Spells: 4/4 levels left

rFire    . . .     SeeInvis .     - Unarmed
rCold    + . .     Gourm    .   (no shield)
rNeg     + + +     Faith    .   a - +0 robe
rPois    ∞         Spirit   .   e - +0 helmet (curse)
rElec    .         Reflect  .   (no cloak)
rCorr    .         Harm     .   (no gloves)
MR       .....                  (no boots)
Stlth    ++........             (no amulet)
HPRegen  0.00/turn              (no ring)
MPRegen  0.09/turn              (no ring)

@: mighty, corroded, rotting
A: rotting body, claws 1, carnivore, cold resistance 1, negative energy
resistance 3, inhibited regeneration, torment resistance, unbreathing
a: no special abilities


You were on level 3 of the Dungeon.
You were not hungry.

You visited 1 branch of the dungeon, and saw 3 of its levels.

You collected 165 gold pieces.

Inventory:

Armour
 a - a +0 robe (worn)
 e - a cursed +0 helmet (worn)
Jewellery
 h - an uncursed ring of see invisible {unknown}
Scrolls
 d - 3 scrolls of blinking
 g - 3 scrolls of identify
Potions
 f - a potion of resistance
Comestibles
 b - 7 rations
 c - 6 chunks of flesh


   Skills:
 + Level 4.0 Fighting
 + Level 3.4 Dodging
 + Level 3.3 Stealth
 + Level 4.9 Unarmed Combat


You had 4 spell levels left.
You didn't know any spells.
Your spell library was empty.

Dungeon Overview and Level Annotations

Branches:
Dungeon (3/15)

Altars:
Elyvilon
Hepliaklqana
Ru
Sif Muna
Vehumet
Yredelemnul
The Shining One

Annotations:
D:3 Ijyb


Innate Abilities, Weirdness & Mutations

Your body is rotting away.
You thrive on raw meat.
You are immune to poison.
You have sharp fingernails.
You are carnivorous and can eat meat at any time.
Your flesh is cold resistant. (rC+)
You are immune to negative energy. (rN+++)
You do not regenerate when monsters are visible.
You are immune to unholy pain and torment.
You can survive without breathing.


Message History

h - a silver ring Ijyb shouts!
Found 13 arrows.
The dart slug closely misses you.
You claw the dart slug!
You kill the dart slug!
Ijyb screams, "Me very upset!"
The rat barely misses you.
Ijyb zaps a wand.
The bolt of acid hits the rat!!
The rat is splashed with acid!
The acid corrodes the rat!
The rat dies!
The bolt of acid hits you! The acid corrodes you!
You are splashed with acid.
You are too injured to fight recklessly!
You are too injured to fight recklessly!
You are too injured to fight recklessly!
You are too injured to fight recklessly!
You are too injured to fight recklessly!
Found a ration.
You see here a rat corpse.
You closely miss Ijyb.
Ijyb zaps a wand.
The bolt of acid hits you!!
You die...

#.......# .
#.....(.# %.
#....... ....
#.....#
....##.....##
.............#
.....#......†#
.....#.g@....#
...........##
##.....[...#
###.......#####. ###
##.............
#...###.......##....
#...................
#...###....÷........
### #...........###


You could see Ijyb.

Vanquished Creatures
  5 adders
  4 gnolls (D:2)
  An ooze (D:1)
  2 dart slugs
  A leopard gecko (D:3)
  8 bats
  3 giant cockroaches
  8 goblins
  4 hobgoblins
  2 jackals (D:2)
  6 kobolds
  A quokka (D:2)
  3 ball pythons
  6 frilled lizards
  9 rats
63 creatures vanquished.

Vanquished Creatures (others)
  A rat (D:3)
1 creature vanquished.

Grand Total: 64 creatures vanquished

Notes
Turn   | Place    | Note
-------+----------+-------------------------------------------
     0 | D:1      | Blejac999 the Ghoul Monk began the quest for the Orb.
     0 | D:1      | Reached XP level 1. HP: 19/19 MP: 0/0
   251 | D:1      | Reached XP level 2. HP: 26/26 MP: 1/1
   589 | D:1      | Reached XP level 3. HP: 33/33 MP: 2/2
   877 | D:2      | Found a glowing golden altar of the Shining One.
   880 | D:2      | Found a sacrificial altar of Ru.
   886 | D:2      | Found a shimmering blue altar of Sif Muna.
   887 | D:2      | Found a radiant altar of Vehumet.
   889 | D:2      | Found a hazy altar of Hepliaklqana.
  1120 | D:2      | Reached XP level 4. HP: 25/40 MP: 3/3
  1209 | D:2      | Found a basalt altar of Yredelemnul.
  1760 | D:2      | Reached XP level 5. HP: 29/46 MP: 4/4
  2174 | D:2      | Found a white marble altar of Elyvilon.
  2344 | D:3      | Noticed Ijyb
  2362 | D:3      | Killed from afar by Ijyb

Levels and vault maps discovered:
D:1:      lightli_arrival_quake, layout_loops_ring, chequers_mini_garden,
          minmay_misc_feat_doors, chequers_serial_rivers_small_a
D:2:      layout_loops_ring, kennysheep_ying_yang, grunt_temple_overflow_open
D:3:      layout_rooms, uniq_terence, uniq_ijyb, uniq_crazy_yiuf_cottage

Skill      XL: |  1  2  3  4  5 |
---------------+----------------+-----
Dodging        | 3 |  3.4
Unarmed Combat | 4 |  4.9
Stealth        | 3 |  3.3
Fighting       | 4 |  4.0

Action                   |  1- 3 |  4- 6 || total
-------------------------+-------+-------++-------
Melee: Unarmed           |    92 |    90 ||   182
       Punch             |       |     3 ||     3
  Use: Potion            |     1 |     1 ||     2
       Scroll            |     1 |     2 ||     3
 Stab: Sleeping          |     5 |     3 ||     8
  Eat: Chunk             |     2 |     3 ||     5
Armor: Robe              |    10 |    10 ||    20
Dodge: Dodged            |    59 |    53 ||   112
